 Dungeon Crawl Stone Soup version 0.17.1-2-g5865329 (webtiles) character file.

6964 ololoev the Cleaver (level 10, -8/70 HPs)
             Began as a Demonspawn Berserker on Jan 21, 2016.
             Was an Elder of Trog.
             Mangled by an orc warrior
             ... wielding a +0 hand axe
              (11 damage)
             ... on level 3 of the Orcish Mines.
             The game lasted 00:36:10 (3722 turns).

ololoev the Cleaver (Demonspawn Berserker)          Turns: 3722, Time: 00:36:10

Health: -8/70      AC: 18    Str: 27    XL:     10   Next: 81%
Magic:  10/10      EV:  8    Int:  7    God:    Trog [****..]
Gold:   604        SH:  0    Dex: 13    Spells: 0 memorised, 9 levels left

rFire  . . .     SeeInvis .     a - +1 battleaxe (curse)
rCold  . . .     Clarity  .     s - +0 plate armour
rNeg   . . .     SustAt   .     (shield currently unavailable)
rPois  .         Gourm    .     h - +0 helmet
rElec  .         Spirit   .     (no cloak)
rCorr  .         Warding  .     k - +0 pair of gloves
rMut   .         Stasis   .     (no boots)
MR     ++...                    (no amulet)
Stlth  ..........               (no ring)
                                (no ring)

@: mighty, lethally poisoned (-8 -> -8), regenerating, very resistant to hostile
enchantments, extremely unstealthy
A: hooves 1, yellow scales 1, powered by death 2, powered by pain 1
a: Berserk, Trog's Hand, Brothers in Arms, Burn Spellbooks, Renounce Religion


Innate Abilities, Weirdness & Mutations

You have large cloven feet.
You are partially covered in yellow scales (AC +2).
You regenerate health from kills.
You sometimes gain a little power by taking damage.

Inventory:

Hand Weapons
 a - a cursed +1 battleaxe (weapon)
Missiles
 v - a throwing net (quivered)
 y - 4 needles of frenzy
 B - 7 javelins of penetration
Armour
 h - a +0 helmet (worn)
 k - a +0 pair of gloves (worn)
 s - a +0 plate armour (worn)
Wands
 i - a wand of fire (0)
 t - a wand of flame (29)
 w - a wand of slowing (13)
 A - a wand of lightning (2)
Scrolls
 d - 5 scrolls of remove curse
 f - a scroll of random uselessness {unknown}
 j - 4 scrolls of teleportation {unknown}
 m - a scroll of magic mapping
 n - 2 scrolls of fog {unknown}
 o - a scroll of amnesia {unknown}
 p - a scroll of blinking {unknown}
 x - a scroll of immolation
Potions
 b - a potion of magic {unknown}
 e - a potion of heal wounds
 l - a potion of poison
 q - a potion of mutation {unknown}
Comestibles
 c - 2 meat rations
 g - 2 chunks of flesh
 r - 7 beef jerkies
 u - 5 bread rations
 z - a slice of pizza


   Skills:
 - Level 3.0 Fighting
 * Level 12.1 Axes
 + Level 3.7 Throwing
 + Level 8.8 Armour
 - Level 1.7 Dodging


You had 9 spell levels left.
You didn't know any spells.


You were on level 3 of the Orcish Mines.
You worshipped Trog.
Trog was greatly pleased with you.
You were hungry.

You visited 3 branches of the dungeon, and saw 16 of its levels.

You collected 604 gold pieces.

#..≈..≈.## #....
#..≈≈≈.≈# ##...
##..≈≈...####...
#...≈≈≈....##...
###...)...#.......
##≈....##..#.......
#.....###.######...
#....≈# ### #....
#.@#.## #....
#.o### ##... #oo#
#...
......ooo......#
#....
o.>....o......#.
##.##
.......#.......$ ##
# .............##.
# ..o..........#
............## ###

Notes
Turn   | Place    | Note
--------------------------------------------------------------
     0 | D:1      | ololoev the Demonspawn Berserker began the quest for the Orb.
     0 | D:1      | Reached XP level 1. HP: 18/18 MP: 1/1
    77 | D:1      | Gained mutation: You regenerate a little health from kills. [demonic ancestry]
    77 | D:1      | Reached XP level 2. HP: 16/24 MP: 2/2
   179 | D:2      | Found a glowing silver altar of Zin.
   330 | D:3      | Reached XP level 3. HP: 27/29 MP: 3/3
   351 | D:3      | Found a faded altar to an unknown god.
   398 | D:3      | Reached ** piety under Trog
   398 | D:3      | Reached skill level 4 in Axes
   398 | D:3      | Gained mutation: You sometimes gain a little power by taking damage. [demonic ancestry]
   398 | D:3      | Reached XP level 4. HP: 35/35 MP: 4/4
   626 | D:4      | Reached XP level 5. HP: 41/41 MP: 5/5
   680 | D:4      | Found a staircase to the Ecumenical Temple.
   686 | Temple   | Entered the Ecumenical Temple
   728 | D:4      | Noticed ololoev's ghost (weakling DEFE)
   748 | D:4      | Killed ololoev's ghost
   757 | D:4      | Noticed an ice beast
   801 | D:4      | Killed an ice beast
   801 | D:4      | Reached skill level 5 in Axes
   857 | D:4      | Noticed Robin
   859 | D:4      | Gained mutation: You are partially covered in yellow scales (AC +2). [demonic ancestry]
   859 | D:4      | Reached XP level 6. HP: 47/47 MP: 6/6
   870 | D:4      | Killed Robin
   924 | D:5      | Entered Level 5 of the Dungeon
  1068 | D:6      | Reached skill level 6 in Axes
  1074 | D:6      | Reached XP level 7. HP: 52/52 MP: 7/7
  1205 | D:6      | Found an ancient bone altar of Kikubaaqudgha.
  1232 | D:6      | Found a burning altar of Makhleb.
  1242 | D:6      | Reached *** piety under Trog
  1253 | D:6      | Reached skill level 7 in Axes
  1256 | D:6      | Found an iron altar of Okawaru.
  1350 | D:7      | Noticed a yak
  1352 | D:7      | Noticed a yak
  1354 | D:7      | Noticed a yak
  1355 | D:7      | Noticed a yak
  1360 | D:7      | Killed a yak
  1360 | D:7      | Reached skill level 5 in Armour
  1367 | D:7      | Killed a yak
  1367 | D:7      | Gained mutation: You have large cloven feet. [demonic ancestry]
  1367 | D:7      | Reached XP level 8. HP: 58/58 MP: 8/8
  1368 | D:7      | Noticed a yak
  1369 | D:7      | Killed a yak
  1369 | D:7      | Reached skill level 8 in Axes
  1370 | D:7      | Killed a yak
  1373 | D:7      | Killed a yak
  1453 | D:6      | Found a snail-covered altar of Cheibriados.
  1454 | D:6      | Found a radiant altar of Vehumet.
  1622 | D:9      | Reached skill level 9 in Axes
  1646 | D:8      | Gained mutation: You regenerate health from kills. [demonic ancestry]
  1646 | D:8      | Reached XP level 9. HP: 45/63 MP: 9/9
  1679 | D:10     | Entered Level 10 of the Dungeon
  1761 | D:8      | Found an ancient bone altar of Kikubaaqudgha.
  1771 | D:7      | Found a shimmering altar of Xom.
  1771 | D:7      | Found a stormy altar of Qazlal.
  1846 | D:10     | Found a staircase to the Lair.
  1849 | D:10     | Noticed a hill giant
  1858 | D:10     | Killed a hill giant
  1858 | D:10     | Reached skill level 10 in Axes
  2456 | D:9      | Drew Focus: Str increased to 22, Int decreased to 7
  2497 | D:9      | Reached **** piety under Trog
  2624 | D:9      | Reached skill level 11 in Axes
  2624 | D:9      | Reached skill level 1 in Throwing
  2624 | D:9      | Reached XP level 10. HP: 70/70 MP: 10/10
  2673 | D:10     | Noticed a hill giant
  2678 | D:10     | Killed a hill giant
  2980 | D:10     | Found a portal to a secret trove of treasure.
  3135 | D:10     | Found a staircase to the Orcish Mines.
  3160 | Orc:1    | Entered Level 1 of the Orcish Mines
  3163 | Orc:1    | Received a gift from Trog
  3322 | Orc:1    | Noticed an orc knight
  3327 | Orc:1    | Reached ***** piety under Trog
  3346 | Orc:1    | Killed an orc knight
  3535 | Orc:3    | Found a staircase to the Elven Halls.
  3602 | Orc:4    | Entered Level 4 of the Orcish Mines
  3609 | Orc:4    | Found Pevud's Antique Armour Boutique.
  3609 | Orc:4    | Noticed a cyclops
  3609 | Orc:4    | Noticed a cyclops
  3620 | Orc:4    | Killed a cyclops
  3620 | Orc:4    | Reached skill level 12 in Axes
  3621 | Orc:4    | Noticed a stone giant
  3624 | Orc:4    | Killed a cyclops
  3722 | Orc:3    | HP: 3/70 [orc priest/divine providence (14)]
  3722 | Orc:3    | Mangled by an orc warrior

Dungeon Overview and Level Annotations

Branches:
Dungeon (11/15)            Temple (1/1) D:4            Lair (0/8) D:10
    Orc (4/4) D:10            Elf (0/3) Orc:3

Altars:
Ashenzari
Cheibriados
Dithmenos
Elyvilon
Fedhas
Gozag
Kikubaaqudgha
Makhleb
Nemelex Xobeh
Okawaru
Qazlal
Sif Muna
Vehumet
Xom
Yredelemnul
Zin
The Shining One
Lugonu

Shops:
Orc:4 [

Portals:
Trove: D:10 (give +5 demon whip)


Message History

You hit the orc warrior but do no damage.
The orc warrior hits you with a war axe.
The orc warrior hits you with a hand axe!
The orc barely misses you.
You are feeling hungry.
Your plate armour prevents you from hitting the orc.
You kick the orc, but do no damage. You slash the orc warrior!
The orc warrior is heavily wounded.
You hit the orc warrior but do no damage.
You feel sick. The orc hits you but does no damage.
The orc warrior barely misses you.
The orc warrior hits you but does no damage.
The orc hits you with a dagger.
You slash the orc!
You kill the orc!
Trog accepts your kill.
You barely miss the orc warrior.
You hit the orc warrior but do no damage.
The orc warrior is heavily wounded.
You feel sick. The orc hits you but does no damage.
The orc warrior hits you with a hand axe.
The orc warrior hits you with a war axe!
The orc priest hits you but does no damage.
An orc comes into view. It is wielding a vampiric hand axe.
You feel sick.
The orc warrior hits you but does no damage.
Unknown command.
Use which ability? (? or * to list)
Your skin crawls.
You feel resistant to hostile enchantments.
You feel slightly more hungry. The orc hits you but does no damage.
You are more poisoned.
The orc warrior hits you with a war axe!
Unknown command.
You feel sick.
The orc priest invokes the aid of Beogh against you.
Something smites you!
You focus on the pain.
You feel very mighty all of a sudden.
The orc warrior hits you with a hand axe!
You die...

You could see 2 orc warriors, an orc priest and 5 orcs.

Vanquished Creatures
  A hill giant (D:10)
  An orc knight (Orc:1)
  2 two-headed ogres
  A wyvern (D:10)
  10 yaks
  A steam dragon (D:9)
  A sky beast (D:9)
  A warg (Orc:1)
  2 ice beasts
  3 orc warriors
  A black bear (D:6)
  3 ogres
  A crocodile (D:10)
  3 centaurs
  5 giant frogs
  A big kobold (D:8)
  2 scorpions (D:8)
  3 killer bees (D:9)
  4 wights (D:6)
  2 jellies
  2 centaur zombies
  A crimson imp (D:7)
  A giant frog zombie (D:6)
  A gnoll shaman (D:8)
  10 orc wizards
  7 orc priests
  An iguana (D:10)
  A centaur skeleton (D:6)
  2 hounds
  A sheep (D:10)
  3 worker ants
  The ghost of ololoev the Firebug, a weakling DEFE (D:4)
  A worker ant zombie (D:3)
  Robin (D:4)
  4 adders
  3 gnolls
  2 shadow imps
  An adder zombie (D:5)
  2 worms
  An adder skeleton (D:8)
  78 orcs
  4 bats
  3 giant cockroaches
  9 goblins
  4 hobgoblins (D:4)
  4 jackals
  2 quokkas
  A ball python (D:3)
  A giant cockroach zombie (D:6)
  2 giant geckos
  3 giant newts
  A jackal skeleton (D:4)
  12 kobolds
  A quokka skeleton (D:8)
  A rat (D:2)
220 creatures vanquished.

Vanquished Creatures (collateral kills)
  A hill giant (D:10)
  2 cyclopes (Orc:4)
3 creatures vanquished.

Grand Total: 223 creatures vanquished

Action                   |  1- 3 |  4- 6 |  7- 9 | 10-12 || total
-------------------------+-------+-------+-------+-------++-------
Melee: Hand axe          |    87 |   153 |    15 |       ||   255
       Battleaxe         |       |       |   180 |   147 ||   327
Invok: Berserk           |     3 |     4 |     9 |     2 ||    18
       Trog's Hand       |       |       |     5 |     2 ||     7
       Brothers in Arms  |       |       |       |     4 ||     4
Evoke: Wand              |       |     3 |     1 |     2 ||     6
       Deck              |       |       |     8 |       ||     8
  Use: Scroll            |       |     3 |     4 |       ||     7
  Eat: Chunk             |       |     7 |    11 |     7 ||    25
       Bread ration      |       |       |     1 |       ||     1

Vault maps used:
D:1:      shiori_arrival_oz, minmay_misc_feat_roman
D:2:      zin_statuary
D:3:      first_bread, ecumenical_altar_2
D:4:      minmay_temple_entry_enclosed_plants, kennysheep_generic_room_13,
          uniq_robin
D:6:      okawaru_metal_pillars_3, kiku_gazebo_pond_becter,
          lightli_temple_of_fire, gammafunk_temple_overflow_statue,
          gup_sewer_entry_bowl, basic_altar, uniq_pikel, uniq_eustachio
D:7:      lemuel_doored_altar, nicolae_overflow_hidden_temple, basic_altar
D:8:      basic_altar
D:9:      nicolae_ru_path_of_blood, grunt_ogre_cave
D:10:     dpeg_lair_monsters, orc_0_dummy, trove_entry_hex_spiral
D:11:     serial_shops, shop, uniq_maurice, uniq_nergalle
Temple:   corrupted_temple
Orc:3:    nicolae_orc_pool_cavern
Orc:4:    grunt_orc_gardens, grunt_orc_garden, grunt_orc_garden,
          grunt_orc_garden, grunt_orc_garden
